 Dungeon Crawl Stone Soup version 0.30-b1-2-g02819fbbbe (webtiles) character file.

Game seed: 17098641095191381101

11 Alarkh the Shooter (level 2, 22/22 HPs)
             Began as a Demonspawn Hunter on May 25, 2023.
             Got out of the dungeon alive.
             The game lasted 00:00:12 (166 turns).

Alarkh the Shooter (Demonspawn Hunter)               Turns: 166, Time: 00:00:12

Health: 22/22      AC:  3    Str: 11    XL:     2   Next: 13%
Magic:  2/2        EV: 11    Int: 10    God:
Gold:   0          SH:  4    Dex: 16    Spells: 1/1 levels left

rFire   . . .        a - +0 shortbow
rCold   . . .        (shield currently unavailable)
rNeg    . . .        c - +0 leather armour
rPois   .            (no helmet)
rElec   .            (no cloak)
rCorr   +            (no gloves)
SInv    .            (no boots)
Will    .....        (no amulet)
Stlth   +            d - ring of resist corrosion
HPRegen 0.23/turn    (no ring)
MPRegen 0.08/turn

%: no passive effects
@: no status effects
A: condensation shield
a: no special abilities


You escaped.
You visited 1 branch of the dungeon, and saw 1 of its levels.

Inventory:

Hand Weapons
 a - a +0 shortbow (weapon)
Armour
 c - a +0 leather armour (worn)
Jewellery
 d - a ring of resist corrosion (left hand)
Scrolls
 b - a scroll of immolation
 e - a scroll of identify {unknown}


   Skills:
 - Level 2.0 Fighting
 + Level 4.1 Ranged Weapons
 - Level 1.7 Dodging
 - Level 0.8 Stealth


You had one spell level left.
You didn't know any spells.
Your spell library was empty.

Dungeon Overview and Level Annotations

Branches:
Dungeon (1/15)

Altars:


Innate Abilities, Weirdness & Mutations

A meltable shield of frost defends you. (SH +4)


Message History

The arrow hits the dart slug but does no damage.
The dart slug is almost dead.
You shoot an arrow.
The arrow completely misses the dart slug.
You shoot an arrow. The arrow hits the dart slug!
You kill the dart slug!
Found a stone staircase leading down.
Found 4 stones.
e - a scroll labelled MYSHRE SOR TAO
Found 2 boomerangs.
A rat and a goblin come into view.
Found a spear.
The rat moves out of view.
A goblin is nearby!
You shoot an arrow. The arrow hits the goblin.
You kill the goblin!
Your Ranged Weapons skill increases to level 4!
No target in view!
No target in view!
Found a ruby potion.
A rat is nearby!
You shoot an arrow. The arrow hits the rat.
You kill the rat!
A rat comes into view.
You shoot an arrow. The arrow hits the rat.
You kill the rat!
You have reached level 2!
Your demonic ancestry asserts itself...
Frost condenses into a shield before you. 2 jackals come into view.
Found a stone staircase leading down.
You shoot an arrow. The arrow hits the jackal.
You kill the jackal!
You shoot an arrow. The arrow closely misses the jackal.
You shoot an arrow. The arrow hits the jackal!
You kill the jackal!
No target in view!
No target in view!
There is a staircase leading out of the dungeon here.
Are you sure you want to leave the Dungeon?
This will make you lose the game!
You have escaped!

.## ##.## #.#
#......#
>.####.#.###.#
#......#
....#.###.##.#
##.#.#.#
..#..## ##...#
#......#
.####.###.####
#......# ..#
##.#.##
#.##.###
..(####.##
#......#
........#
#......#
...######
#@...### ..##
#......# .##
#......# .
####.#.# ..
....# .# ....#
.# ..## .. ..
#.#.#.#


There were no monsters in sight!

Vanquished Creatures
  A dart slug (D:1)
  A bat (D:1)
  A giant cockroach (D:1)
  A goblin (D:1)
  2 jackals (D:1)
  2 rats (D:1)
8 creatures vanquished.

Notes
Turn   | Place    | Note
-------+----------+-------------------------------------------
     0 | D:1      | Alarkh the Demonspawn Hunter began the quest for the Orb.
     0 | D:1      | Reached XP level 1. HP: 16/16 MP: 1/1
    98 | D:1      | Reached skill level 4 in Ranged Weapons
   101 | D:1      | Gained mutation: A meltable shield of frost defends you.
                  | (SH +4) [demonic ancestry]
   101 | D:1      | Reached XP level 2. HP: 22/22 MP: 2/2
   166 | D:$      | Got out of the dungeon alive.

Illustrated notes

Levels and vault maps discovered:
D:1:      dpeg_arrival_ternary, layout_loops_ring, serial_bayou_pond_a,
          st_stairs_12

Skill      XL: |  1 |
---------------+----+-----
Ranged Weapons | 4 |  4.1
Fighting       | |  2.0
Dodging        | |  1.7
Stealth        | |  0.8

Action                     || total
---------------------------++-------
   Fire: Shortbow          ||    13
